 Dungeon Crawl Stone Soup version 0.30-a0-141-g30f27751c5 (webtiles) character file.

Game seed: 8867566084083055398

47 qw the Chopper (level 3, -1/23 HPs)
             Began as a Gargoyle Fighter on Sept 25, 2022.
             Slain by a gnoll
             ... wielding a +3 whip
              (9 damage)
             ... on level 2 of the Dungeon.
             The game lasted 00:00:30 (1555 turns).

qw the Chopper (Gargoyle Fighter)                   Turns: 1555, Time: 00:00:30

Health: -1/23      AC: 10    Str: 21    XL:     3   Next: 70%
Magic:  3/3        EV:  9    Int:  8    God:
Gold:   62         SH:  4    Dex:  9    Spells: 2/2 levels left

rFire   . . .      SeeInvis .    Y - +1 war axe (elec)
rCold   . . .      Faith    .    c - +0 buckler
rNeg    + . .      Spirit   .    b - +0 scale mail
rPois   inf        Reflect  .    (no helmet)
rElec   +          Harm     .    (no cloak)
rCorr   .          Rampage  .    (no gloves)
Will    .....                    (no boots)
Stlth   ..........               (no amulet)
HPRegen 0.07/turn                (no ring)
MPRegen 0.08/turn                (no ring)

@: no status effects
A: sickness immunity, AC +3, negative energy resistance 1, electricity
resistance, torment resistance 1, petrification resistance
a: no special abilities


You were on level 2 of the Dungeon.
You visited 1 branch of the dungeon, and saw 2 of its levels.

You collected 62 gold pieces.


Innate Abilities, Weirdness & Mutations

You are immune to sickness and miasma.
Your stone body is resilient. (AC +3)
You are immune to poison.
You resist negative energy. (rN+)
You are resistant to electric shocks. (rElec)
You are resistant to unholy torment.
You are immune to petrification.


   Skills:
 - Level 3.2 Fighting
 + Level 3.6 Axes
 - Level 3.2 Armour
 - Level 3.2 Shields


You had 2 spell levels left.
You didn't know any spells.
Your spell library was empty.

Inventory:

Hand Weapons
 f - a +0 mace
 Y - a +1 war axe of electrocution (weapon)
Armour
 b - a +0 scale mail (worn)
 c - a +0 buckler (worn)
Jewellery
 e - a ring of flight
Scrolls
 a - 2 scrolls of identify {unknown}
 i - a scroll of magic mapping {unknown}
 l - a scroll of poison {unknown}
Potions
 d - a potion of might
 g - a potion of magic {unknown}
 h - a potion of haste {unknown}
 j - a potion of curing {unknown}
 k - 2 potions of flight {unknown}
 m - a potion of lignification {unknown}

Dungeon Overview and Level Annotations

Branches:
Dungeon (2/15)

Altars:


Message History

You hit the hobgoblin.
The hobgoblin is moderately wounded.
The hobgoblin barely misses you.
You hit the hobgoblin.
You kill the hobgoblin!
j - a grey potion;
k - 2 coppery potions
l - a scroll labelled JILOKOL OGGALL You see here a jackal corpse.
A kobold comes into view. It is wielding a +0 whip.
The kobold shouts!
You hit the kobold. Lightning courses through the kobold!
You kill the kobold!
a - 2 scrolls labelled DAL QYGISEY (gained 1)
Things that are here:
a +0 whip; a kobold corpse
Found a stone staircase leading up.
Enter note:
m - a glowing black potion You now have 62 gold pieces (gained 14).
Found a stone staircase leading down.
A ball python comes into view.
The ball python hisses angrily.
A gnoll comes into view. It is wielding a +3 whip.
1547 ||| Stepping ~*~*~tactically~*~*~ (stealth).
You hit the ball python.
You kill the ball python!
A gnoll comes into view. It is wielding a +0 club.
1550 ||| Stepping ~*~*~tactically~*~*~ (stealth).
The gnoll shouts! x2; You hear a shout!
You hit the gnoll.
The gnoll is lightly wounded.
You barely miss the gnoll. You hit the gnoll.
The gnoll hits you but does no damage. The gnoll hits you with a +3 whip!
You slash the gnoll!
You kill the gnoll!
You barely miss the gnoll. The gnoll hits you with a +3 whip. x2
You completely miss the gnoll. The gnoll hits you with a +3 whip!
You die...

#### #... ###..#
#g).# #@#######
####.......#
#..........##
...>.###......<#
###### ###.
#.......##
...... #
#........#
......
####.#####
...... #.#
...... #.# #.#
......


You could see a gnoll.

Vanquished Creatures
  A gnoll (D:2)
  2 dart slugs (D:1)
  3 bats (D:1)
  An endoplasm (D:1)
  A giant cockroach (D:1)
  2 goblins
  5 hobgoblins
  2 jackals (D:2)
  3 kobolds
  2 quokkas (D:1)
  3 ball pythons
  2 frilled lizards
  5 rats (D:1)
32 creatures vanquished.

Notes
Turn   | Place    | Note
-------+----------+-------------------------------------------
     0 | D:1      | qw the Gargoyle Fighter began the quest for the Orb.
     0 | D:1      | Reached XP level 1. HP: 14/14 MP: 1/1
     0 | D:1      | 0 ||| qw: Version: 0.2-a-10-g399e6c4
     0 | D:1      | 0 ||| qw: Game counter: 206
     0 | D:1      | 0 ||| qw: Always use a shield: true
     0 | D:1      | 0 ||| qw: God list: Okawaru
     0 | D:1      | 0 ||| qw: Allow faded altars: false
     0 | D:1      | 0 ||| qw: Do Orc after D:15 true
     0 | D:1      | 0 ||| qw: Do second Lair branch before Depths: true
     0 | D:1      | 0 ||| qw: Lair rune preference: random
     0 | D:1      | 0 ||| qw: Plans: Normal, Zot:1-4, God:TSO, Crypt, Tomb,
                  | Pan, Slime:5, Hells, Abyss, Orb
     0 | D:1      | 0 ||| PLANNING D:1-11
   244 | D:1      | 244 ||| Stepping ~*~*~tactically~*~*~ (hiding).
   247 | D:1      | 247 ||| Stepping ~*~*~tactically~*~*~ (stealth).
   249 | D:1      | Reached XP level 2. HP: 15/19 MP: 2/2
   657 | D:1      | 657 ||| Stepping ~*~*~tactically~*~*~ (hiding).
   696 | D:1      | Reached skill level 3 in Axes
   866 | D:1      | Reached XP level 3. HP: 21/23 MP: 3/3
  1203 | D:1      | Found a faded altar of an unknown god.
  1272 | D:1      | 1272 ||| READING 2 scrolls labelled KUYF WIETSASS.
  1273 | D:1      | 1273 ||| READING scroll labelled YREKLEN FURA.
  1273 | D:1      | Identified a scroll of acquirement
  1273 | D:1      | 1273 ||| ACQUIRING +1 war axe of electrocution
  1273 | D:1      | Acquired a +1 war axe of electrocution
  1275 | D:1      | 1275 ||| SWAPPING to +1 war axe of electrocution.
  1276 | D:1      | 1276 ||| DROPPING +0 war axe.
  1277 | D:1      | 1277 ||| READING scroll labelled OHASHO VEF QISKAH.
  1278 | D:1      | 1278 ||| READING scroll labelled XUCENO CITI.
  1281 | D:1      | 1281 ||| DROPPING scroll of immolation.
  1547 | D:2      | 1547 ||| Stepping ~*~*~tactically~*~*~ (stealth).
  1550 | D:2      | 1550 ||| Stepping ~*~*~tactically~*~*~ (stealth).
  1555 | D:2      | Slain by a gnoll

Levels and vault maps discovered:
D:1:      dpeg_arrival_erosion, layout_basic, dreamdust_ecumenical_altar_grove,
          hex_medium
D:2:      layout_basic

Skill      XL: |  1  2 |
---------------+-------+-----
Axes           | 2 3 |  3.6
Fighting       | |  3.2
Armour         | |  3.2
Shields        | |  3.2

Action                   || total
-------------------------++-------
Melee: War axe           ||   106
  Use: Scroll            ||     4
Armor: Scale mail        ||    57
Dodge: Dodged            ||    69
Block: Buckler           ||    20

Table legend:
 A = Non-vault XP
 B = Vault XP
 C = Vault XP percentage of total XP
 D = Non-vault monster count
 E = Vault monster count
 F = Vault count percentage of total count
                 A         B        C        D         E       F
            +---------+---------+-------+---------+---------+-------
      Total |      68 |       0 |   0.0 |      32 |       0 |   0.0
            +---------+---------+-------+---------+---------+-------
        D:1 |      38 |       0 |   0.0 |      21 |       0 |   0.0
        D:2 |      30 |       0 |   0.0 |      11 |       0 |   0.0
            +---------+---------+-------+---------+---------+-------
